 Dungeon Crawl Stone Soup version 0.31-a0-4-gefa6de2278 (webtiles) character file.

Game seed: 5786585483908549661

42 Dordric the Grasshopper (level 3, 0/28 HPs)
             Began as a Barachi Warper on May 3, 2023.
             Slain by a gnoll
             ... wielding a +0 flail
              (3 damage)
             ... on level 2 of the Dungeon.
             The game lasted 00:01:30 (1486 turns).

Dordric the Grasshopper (Barachi Warper)            Turns: 1486, Time: 00:01:31

Health: 0/28       AC:  5    Str: 12    XL:     3   Next: 54%
Magic:  6/6        EV: 12    Int: 13    God:
Gold:   116        SH:  0    Dex: 13    Spells: 4/6 levels left

rFire   . . .        o - +0 long sword
rCold   . . .        (no shield)
rNeg    . . .        b - +0 leather armour
rPois   .            (no helmet)
rElec   .            (no cloak)
rCorr   .            i - +1 pair of gloves
SInv    .            (no boots)
Will    .....        (no amulet)
Stlth   +            (no ring)
HPRegen 0.24/turn    (no ring)
MPRegen 0.10/turn

%: no passive effects
@: slow
A: amphibious, slowness 1, strong legs 1, +LOS
a: Hop


You were on level 2 of the Dungeon.
You visited 1 branch of the dungeon, and saw 3 of its levels.

You collected 116 gold pieces.

Inventory:

Hand Weapons
 a - a +0 falchion
 o - a +0 long sword (weapon)
Missiles
 d - 7 boomerangs of dispersal (quivered)
Armour
 b - a +0 leather armour (worn)
 i - a +1 pair of gloves (worn)
Jewellery
 f - a ring of magical power
Scrolls
 c - a scroll of blinking
 g - 2 scrolls of enchant armour {unknown}
 k - a scroll of fog {unknown}
 m - 2 scrolls of identify {unknown}
Potions
 e - a potion of invisibility {unknown}
 h - 2 potions of attraction {unknown}
 j - a potion of curing {unknown}
 l - a potion of flight {unknown}
 n - a potion of haste {unknown}


   Skills:
 - Level 2.4 Fighting
 + Level 3.6 Long Blades
 - Level 1.0 Throwing
 - Level 1.2 Armour
 - Level 2.1 Dodging
 - Level 2.1 Spellcasting
 + Level 4.2 Translocations


You had 4 spell levels left.
You knew the following spells:

 Your Spells              Type           Power      Damage    Failure   Level
a - Blink                 Tloc           24%        N/A       9%          2

Your spell library contained the following spells:

 Spells                   Type           Power      Damage    Failure   Level
 Lesser Beckoning         Tloc           24%        N/A       9%          2
 Teleport Other           Tloc           12%        N/A       17%         3
 Necrotise                Necr           4%         1d4       32%         1
 Vhi's Electric Charge    Tloc/Air       12%        N/A       38%         3
 Manifold Assault         Tloc           12%        N/A       50%         4
 Vampiric Draining        Necr           1%         2d6       67%         3
 Agony                    Necr           1%         N/A       100%        5


Dungeon Overview and Level Annotations

Branches:
Dungeon (3/15)

Altars:

Shops:
D:2 (


Innate Abilities, Weirdness & Mutations

You are amphibious.
You cover ground slowly.
You can hop short distances.
You have an extended range of vision and can be seen from far away.


Message History

You shred the net and break free! The gnoll closely misses you.
The gnoll hits you but does no damage. The gnoll attacks as you move away!
The gnoll barely misses you. The gnoll attacks as you move away!
The gnoll hits you but does no damage.
There is a stone staircase leading up here.
The gnoll hits you with a +0 flail!
You climb upwards.
There is a stone staircase leading down here.
You slash the gnoll!
The gnoll is heavily wounded.
The gnoll misses you. x2
You barely miss the gnoll.
The gnoll is heavily wounded.
The gnoll closely misses you.
You completely miss the gnoll.
The gnoll is heavily wounded.
The gnoll barely misses you.
You hit the gnoll.
The gnoll is severely wounded.
The gnoll hits you with a +0 flail.
You hit the gnoll.
The gnoll is almost dead.
The gnoll completely misses you.
You closely miss the gnoll.
The gnoll is almost dead.
The gnoll hits you with a +0 flail. The gnoll misses you.
You barely miss the gnoll.
The gnoll is almost dead.
The gnoll hits you with a +0 flail.
You are too injured to fight recklessly!
You are too injured to fight recklessly!
A gnoll is nearby!
You barely miss the gnoll.
The gnoll is almost dead.
The gnoll hits you with a +0 flail!
* * * LOW HITPOINT WARNING * * *
You barely miss the gnoll.
The gnoll is almost dead.
The gnoll hits you with a +0 flail.
You die...

#..####....................#.#.#
##...##......#####.#######.#.#..
###.##......# #.# ##......
#.##......# #.######....#..
#....##...#####..#..........#
####.####..........##.....###
#...##.........###.#..## #####
###.##.........###.#..#
#...######.##...@g....##.....#
##.......#.###...........#...#
##......#.###.<#......###...#
##..............####.# #...#
#...............###.# #..## #
#......##.#.#.#...#.###..# #
#.......#.#.#.###....##..# ###
###...#^#.#....####..##..###..
##....#.#.###..# ##.......<..


You could see a gnoll.

Vanquished Creatures
  An adder (D:2)
  A worm (D:2)
  2 dart slugs (D:1)
  An endoplasm (D:1)
  4 giant cockroaches
  4 goblins
  4 hobgoblins
  3 ball pythons
  4 bats
  A rat (D:2)
25 creatures vanquished.

Notes
Turn   | Place    | Note
-------+----------+-------------------------------------------
     0 | D:1      | Dordric the Barachi Warper began the quest for the Orb.
     0 | D:1      | Reached XP level 1. HP: 17/17 MP: 3/3
   129 | D:1      | Reached XP level 2. HP: 17/23 MP: 5/5
   866 | D:2      | Found Cusegir's Weapon Shop.
   885 | D:2      | Reached skill level 4 in Translocations
   885 | D:2      | Reached XP level 3. HP: 25/28 MP: 6/6
   912 | D:2      | Learned a level 2 spell: Blink
  1486 | D:2      | Slain by a gnoll

Illustrated notes

Levels and vault maps discovered:
D:1:      lightli_arrival_maybe_door_vault, layout_basic,
          nicolae_figureground_pulse
D:2:      layout_rooms, serial_shops, nicolae_shop_hallway_stairs
D:3:      layout_rooms, amcnicky_mini_pool_small

Skill      XL: |  1  2 |
---------------+-------+-----
Long Blades    | 3 |  3.6
Translocations | 4 |  4.2
Fighting       | |  2.4
Throwing       | |  1.0
Armour         | |  1.2
Dodging        | |  2.1
Spellcasting   | |  2.1

Action                     || total
---------------------------++-------
  Melee: Falchion          ||    63
         Long sword        ||    27
 Armour: Leather armour    ||    24
  Dodge: Dodged            ||    61

Table legend: (Time is in decaauts)
 A = Elapsed time spent in this place.
 B = Non-inter-level travel time spent in this place.
 C = Inter-level travel time spent in this place.
 D = Time resting spent in this place.
 E = Time spent auto-exploring this place.
 F = Levels seen in this place.
 G = Mean time per level.
                   A        B        C        D        E       F      G
               +--------+--------+--------+--------+--------+-----+--------+
         Total |   1743 |   1711 |     32 |      0 |   1426 |   3 |  581.0 |
       Dungeon |   1743 |   1711 |     32 |      0 |   1426 |   3 |  581.0 |
               +--------+--------+--------+--------+--------+-----+--------+

Top non-repeatable levels by time:
     D:1: 1018 daAuts
     D:2: 681 daAuts
     D:3: 42 daAuts
